 Dungeon Crawl Stone Soup version 0.31-a0-222-gefeffbb62a (webtiles) character file.

Game seed: 8877734930626186870

321 qw the Chopper (level 6, -4/38 HPs)
             Began as a Gargoyle Fighter on July 4, 2023.
             Slain by Menkaure (6 damage)
             ... on level 4 of the Dungeon.
             The game lasted 00:01:09 (2158 turns).

qw the Chopper (Gargoyle Fighter)                   Turns: 2158, Time: 00:01:09

Health: -4/38      AC: 16    Str: 21 (22) XL:     6   Next: 46%
Magic:  6/6        EV:  7    Int:  8      God:
Gold:   67         SH:  4    Dex:  9      Spells: 5/5 levels left

rFire   + . .        Y - +1 war axe
rCold   + . .        c - +0 buckler
rNeg    + . .        k - +0 chain mail
rPois   inf          (no helmet)
rElec   +            m - scarf {rC+ rF+}
rCorr   .            n - +0 pair of gloves
SInv    .            f - +1 pair of boots
Will    .....        (no amulet) Stlth
                     (no ring)
HPRegen 0.26/turn    (no ring)
MPRegen 0.10/turn

%: no passive effects
@: no status effects
A: sickness immunity, AC +4, negative energy resistance 1, electricity
resistance, torment resistance 1, petrification resistance
a: no special abilities


You were on level 4 of the Dungeon.
You visited 1 branch of the dungeon, and saw 4 of its levels.

You collected 67 gold pieces.


Innate Abilities, Weirdness & Mutations

You are immune to sickness and miasma.
Your stone body is resilient. (AC +4)
You are immune to poison.
You resist negative energy. (rN+)
You are resistant to electric shocks. (rElec)
You are resistant to unholy torment.
You are immune to petrification.


   Skills:
 - Level 4.2 Fighting
 + Level 5.6 Axes
 - Level 3.2 Armour
 - Level 3.2 Shields


You had 5 spell levels left.
You didn't know any spells.
Your spell library was empty.

Inventory:

Hand Weapons
 i - a +0 mace
 Y - a +1 war axe (weapon)
Armour
 c - a +0 buckler (worn)
 f - a +1 pair of boots (worn)
 k - a +0 chain mail (worn)
 m - a scarf of resistance (worn)
 n - a +0 pair of gloves (worn)
Scrolls
 a - 2 scrolls of identify {unknown}
 b - a scroll of poison {unknown}
 g - a scroll of fog {unknown}
 l - a scroll of teleportation {unknown}
Potions
 d - a potion of might
 e - a potion of mutation {unknown}
 h - a potion of haste {unknown}
 j - a potion of lignification {unknown}
 o - 2 potions of heal wounds {unknown}
 p - a potion of curing {unknown}

Dungeon Overview and Level Annotations

Branches:
Dungeon (4/15)
 Temple: D:4-7

Altars:
Xom

Annotations:
D:4 Menkaure


Message History

The hobgoblin hits you but does no damage.
You barely miss the hobgoblin.
The hobgoblin is moderately wounded.
The hobgoblin hits you but does no damage. x2
Menkaure casts a spell.
Menkaure seems to speed up.
You barely miss the hobgoblin. The hobgoblin closely misses you.
You hit the hobgoblin.
The hobgoblin is almost dead.
The hobgoblin barely misses you.
You barely miss the hobgoblin.
The hobgoblin is almost dead.
The hobgoblin hits you but does no damage.
You hit the hobgoblin but do no damage.
The hobgoblin is almost dead.
You block the hobgoblin's attack.
You slash the hobgoblin!
You kill the hobgoblin!
The endoplasm freezes you.
You are frozen.
You resist.
You slash the endoplasm!
You kill the endoplasm!
Menkaure calls on the powers of darkness!
Your body is wracked with pain!
You completely miss Menkaure. Menkaure hits you.
You hit Menkaure.
Menkaure is lightly damaged.
Menkaure hits you!
You barely miss Menkaure.
Menkaure is lightly damaged.
Menkaure hits you! Menkaure casts a spell at you.
You barely resist. You slash Menkaure!
Menkaure is moderately damaged.
Menkaure wails, "Why can't you leave me to my rest?"
Menkaure hits you.
You die...

#.....## ##...## ......
##.## #g..... #..#
.M..... #####.## .......
######.....## .......
.........#..#### .......
..######.##....##...$...
#.###...@M....... .....
#..###.#####..... .....
#.)..#.## ... ...#
#.......### #
...######.........#
................>.#
..................#
.....<...(........#
..................#


You could see Menkaure (fast).

Vanquished Creatures
  A black bear (D:4)
  A jelly (D:4)
  A hound (D:4)
  An iguana (D:4)
  Terence (D:2)
  Natasha (twice) (D:3)
  2 adders (D:2)
  An orc (D:4)
  5 endoplasms
  8 giant cockroaches
  4 goblins
  3 hobgoblins
  7 jackals (D:2)
  5 quokkas
  4 ball pythons
  3 bats
  A frilled lizard (D:2)
  2 kobolds
  7 rats
59 creatures vanquished.

Notes
Turn   | Place    | Note
-------+----------+-------------------------------------------
     0 | D:1      | qw the Gargoyle Fighter began the quest for the Orb.
     0 | D:1      | Reached XP level 1. HP: 14/14 MP: 1/1
     0 | D:1      | 0 ||| qw: Version: 0.3-a-46-gb1f654a
     0 | D:1      | 0 ||| qw: Game counter: 880
     0 | D:1      | 0 ||| qw: Melee chars always use a shield: true
     0 | D:1      | 0 ||| qw: God list: Okawaru
     0 | D:1      | 0 ||| qw: Allow faded altars: false
     0 | D:1      | 0 ||| qw: Do Orc after clearing Dungeon:15 true
     0 | D:1      | 0 ||| qw: Do second Lair branch before Depths: true
     0 | D:1      | 0 ||| qw: Lair rune preference: random
     0 | D:1      | 0 ||| qw: Goals: Normal, Zot:1-4, Slime:5, God:TSO, Crypt,
                  | Tomb, Abyss, Pan, Hells, Win
     0 | D:1      | 0 ||| PLANNING D:1-11
   160 | D:1      | Reached skill level 2 in Axes
   262 | D:1      | Reached XP level 2. HP: 19/19 MP: 2/2
   295 | D:1      | 295 ||| DROPPING +0 club.
   500 | D:1      | Found a faded altar of an unknown god.
   617 | D:1      | 617 ||| UPGRADING to +1 pair of boots.
   622 | D:1      | 622 ||| READING 3 scrolls labelled DUYTTO DIKHU.
   623 | D:1      | 623 ||| READING 2 scrolls labelled YLUYCL BUEKUDGH.
   624 | D:1      | 624 ||| DROPPING 2 scrolls of fear.
   625 | D:1      | 625 ||| DROPPING scroll of amnesia.
   688 | D:2      | Reached skill level 3 in Axes
   688 | D:2      | Reached XP level 3. HP: 22/23 MP: 3/3
   717 | D:2      | Noticed Terence
   730 | D:2      | Killed Terence
   736 | D:2      | Reached XP level 4. HP: 23/28 MP: 4/4
   740 | D:2      | Reached skill level 4 in Axes
  1298 | D:2      | 1298 ||| UPGRADING to +0 chain mail.
  1308 | D:2      | 1308 ||| DROPPING +0 scale mail.
  1309 | D:2      | 1309 ||| UPGRADING to scarf of resistance.
  1314 | D:2      | 1314 ||| UPGRADING to +0 pair of gloves.
  1319 | D:2      | 1319 ||| READING scroll labelled GIACKU MOMULEG.
  1340 | D:2      | 1340 ||| READING scroll labelled LAEJAD HUUC.
  1341 | D:2      | 1341 ||| READING scroll labelled ORATAA VISKUODE.
  1342 | D:2      | 1342 ||| DRINKING 2 clear potions.
  1343 | D:2      | 1343 ||| DROPPING potion of degeneration.
  1422 | D:3      | 1422 ||| Stepping ~*~*~tactically~*~*~ (stealth).
  1499 | D:3      | Found a shimmering altar of Xom.
  1524 | D:3      | Noticed Natasha
  1530 | D:3      | Killed Natasha
  1574 | D:3      | Noticed Natasha
  1580 | D:3      | Killed Natasha
  1581 | D:3      | Reached XP level 5. HP: 32/32 MP: 5/5
  1621 | D:3      | 1621 ||| Stepping ~*~*~tactically~*~*~ (hiding).
  1847 | D:4      | Reached skill level 5 in Axes
  1992 | D:4      | Reached XP level 6. HP: 30/38 MP: 6/6
  2065 | D:4      | Noticed a black bear
  2075 | D:4      | Killed a black bear
  2126 | D:4      | 2126 ||| Stepping ~*~*~tactically~*~*~ (stealth).
  2135 | D:4      | Noticed Menkaure
  2136 | D:4      | 2136 ||| Stepping ~*~*~tactically~*~*~ (hiding).
  2138 | D:4      | 2138 ||| Stepping ~*~*~tactically~*~*~ (hiding).
  2157 | D:4      | HP: 1/38 [Menkaure (12)]
  2158 | D:4      | Slain by Menkaure

Levels and vault maps discovered:
D:1:      lordsloth_arrival_two_stooges, layout_basic,
          dilly_ecumenical_altar_fadedgnrine
D:2:      layout_basic, chequers_garden, hangedman_decor_push, uniq_terence
D:3:      layout_basic, xom_butterflies, uniq_natasha
D:4:      layout_cave_pods, fedhas_altar_2, minmay_mini_ossuary, uniq_menkaure

Skill      XL: |  1  2  3  4  5 |
---------------+----------------+-----
Axes           | 2 3 4 5 |  5.6
Fighting       | 4 |  4.2
Armour         | |  3.2
Shields        | |  3.2

Action                     |  1- 3 |  4- 6 || total
---------------------------+-------+-------++-------
  Melee: War axe           |    48 |   114 ||   162
    Use: Scroll            |     2 |     3 ||     5
         Potion            |       |     1 ||     1
 Armour: Scale mail        |    36 |    30 ||    66
         Chain mail        |       |    49 ||    49
  Dodge: Dodged            |    31 |    45 ||    76
  Block: Buckler           |     8 |    18 ||    26

Table legend:
 A = Non-vault XP
 B = Vault XP
 C = Vault XP percentage of total XP
 D = Non-vault monster count
 E = Vault monster count
 F = Vault count percentage of total count
                 A         B        C        D         E       F
            +---------+---------+-------+---------+---------+-------
      Total |     390 |      69 |  15.0 |      57 |       2 |   3.4
            +---------+---------+-------+---------+---------+-------
        D:1 |      21 |       0 |   0.0 |      13 |       0 |   0.0
        D:2 |      66 |      36 |  35.3 |      24 |       1 |   4.0
        D:3 |      49 |      33 |  40.2 |       9 |       1 |  10.0
        D:4 |     254 |       0 |   0.0 |      11 |       0 |   0.0
            +---------+---------+-------+---------+---------+-------
